 Dungeon Crawl Stone Soup version 0.28.0-53-g5a82cb258f (webtiles) character file.

Game seed: 9078885090903245004

83 raph the Poker (level 4, -4/33 HPs)
             Began as a Merfolk Gladiator on June 25, 2022.
             Killed by divine providence
             ... invoked by an orc priest
              (16 damage)
             ... on level 3 of the Dungeon.
             The game lasted 00:02:06 (1995 turns).

raph the Poker (Merfolk Gladiator)                  Turns: 1995, Time: 00:02:07

Health: -4/33      AC:  6    Str: 14    XL:     4   Next: 44%
Magic:  4/4        EV: 12    Int:  7    God:
Gold:   66         SH:  0    Dex: 17    Spells: 3/3 levels left

rFire   . . .      SeeInvis .   a - +0 trident (vorpal)
rCold   . . .      Faith    .   (no shield)
rNeg    . . .      Spirit   .   f - +0 ring mail
rPois   .          Reflect  .   c - +0 helmet
rElec   .          Harm     .   (no cloak)
rCorr   .          Rampage  .   (no gloves)
Will    .....                   (no boots)
Stlth   +.........              (no amulet)
HPRegen 0.11/turn               (no ring)
MPRegen 0.09/turn               (no ring)

@: no status effects
A: (nimble swimmer 2), mertail
a: no special abilities


You were on level 3 of the Dungeon.
You visited 1 branch of the dungeon, and saw 3 of its levels.

You collected 66 gold pieces.

Inventory:

Hand Weapons
 a - a +0 vorpal trident (weapon)
 j - a +0 trident
Missiles
 d - 3 throwing nets (quivered)
Armour
 b - a +0 leather armour
 c - a +0 helmet (worn)
 f - a +0 ring mail (worn)
Jewellery
 g - a ring of fire
Scrolls
 e - a scroll of teleportation
Potions
 h - 2 potions of brilliance
 i - 2 potions of curing {unknown}
 k - a potion of invisibility {unknown}


   Skills:
 - Level 2.1 Fighting
 + Level 7.4 Polearms
 - Level 2.0 Throwing
 - Level 4.0 Dodging


You had 3 spell levels left.
You didn't know any spells.
Your spell library contained the following spells:

 Spells                   Type           Power      Damage    Failure   Level
 Corpse Rot               Necr/Air       0%         N/A       82%         2
 Poisonous Vapours        Pois/Air       0%         N/A       82%         2


Dungeon Overview and Level Annotations

Branches:
Dungeon (3/15)

Altars:
Sif Muna


Innate Abilities, Weirdness & Mutations

((You are very nimble when in or above water. (Stealth+, EV+, Speed+++)))
Your lower body shifts to a powerful aquatic tail in water.


Message History

You puncture the orc!
You kill the orc!
You reach to attack!
You barely miss the orc. You hit the orc.
The orc is heavily wounded.
The orc closely misses you.
You hit the orc but do no damage.
The orc is heavily wounded.
The orc closely misses you.
You hit the orc.
The orc is almost dead.
The orc completely misses you.
You barely miss the orc.
The orc is almost dead.
The orc hits you with a +0 war axe!
You closely miss the orc.
The orc is almost dead.
The orc barely misses you.
You hit the orc but do no damage.
The orc is almost dead.
The orc barely misses you.
You barely miss the orc.
The orc is almost dead.
The orc closely misses you.
You hit the orc.
You kill the orc!
You hit the orc priest.
The orc priest is moderately wounded.
The orc priest calls down the wrath of Beogh upon you.
You barely resist. You hit the orc priest.
The orc priest is heavily wounded.
The orc priest calls down the wrath of Beogh upon you.
Beogh smites you!
You are too injured to fight recklessly!
You closely miss the orc priest.
The orc priest is heavily wounded.
The orc priest mumbles some strange prayers to Beogh against you.
Beogh smites you!
You die...

######### ########o
........# #........
#########.# #.........
#.......#.# #<........
#.####....# #.........
#..######## #.........
#.........# #...o.....
#......##.# #.........
#.#.#.#.#@# #....!....
#.#.#.#.#o#####.........
#.#...#......o.o...#'#..
.. #.################.#
....##..........# ### .#
......(........... ... .
.....#...........# #.#
#. .....#.###...(...#
#.# .#
....>...<....##.## #.# #


You could see an orc priest.

Vanquished Creatures
  An iguana (D:2)
  A worm (D:2)
  2 dart slugs
  7 orcs (D:3)
  4 bats
  5 endoplasms
  2 giant cockroaches
  2 goblins
  6 hobgoblins
  2 ball pythons
  2 frilled lizards
  6 kobolds
  A rat (D:1)
41 creatures vanquished.

Notes
Turn   | Place    | Note
-------+----------+-------------------------------------------
     0 | D:1      | raph the Merfolk Gladiator began the quest for the Orb.
     0 | D:1      | Reached XP level 1. HP: 16/16 MP: 1/1
    96 | D:1      | Reached skill level 5 in Polearms
    98 | D:1      | Reached XP level 2. HP: 22/22 MP: 2/2
   883 | D:2      | Reached skill level 6 in Polearms
   883 | D:2      | Reached XP level 3. HP: 27/27 MP: 3/3
   981 | D:2      | Found a shimmering blue altar of Sif Muna.
  1670 | D:2      | Reached skill level 7 in Polearms
  1670 | D:2      | Reached XP level 4. HP: 18/33 MP: 4/4
  1995 | D:3      | Killed from afar by an orc priest

Illustrated notes

Levels and vault maps discovered:
D:1:      dpeg_arrival_shelter, layout_basic, grunt_decor_junction
D:2:      layout_rooms, basic_altar
D:3:      layout_basic, hellmonk_ecumenical_altar_slurped_away,
          amethyst_killhole, uniq_natasha, uniq_grinder

Skill      XL: |  1  2  3 |
---------------+----------+-----
Polearms       | 5 6 7 |  7.4
Fighting       | |  2.1
Throwing       | |  2.0
Dodging        | |  4.0

Action                   |  1- 3 |  4- 6 || total
-------------------------+-------+-------++-------
Melee: Trident           |   121 |    21 ||   142
       Punch             |     2 |       ||     2
  Use: Scroll            |     3 |       ||     3
Armor: Leather armour    |     1 |       ||     1
       Ring mail         |    23 |       ||    23
Dodge: Dodged            |    45 |     8 ||    53
